Construct Infanterie Kompanie
Selects Mechanized Battlegroup
Selects Mechanized Battlegroup
Construct Luftwaffe Kompanie
Selects Mobile Repair Stations
Construct Panzer Kompanie
Construct Panzergrenadier Kompanie
Selects StuG Assault Group
Selects UNKNOWN (2160084)
Selects Wespe Self-propelled Artillery
Selects Zeroing Artillery Barrage
Zeroing Artillery Barrage
Zeroing Artillery Barrage
Construct Panzergrenadier Kompanie
Zeroing Artillery Barrage
Zeroing Artillery Barrage
Zeroing Artillery Barrage